 Dungeon Crawl Stone Soup version 0.29.0-4-gdea44cf6ec (webtiles) character file.

Game seed: 12862445563294863760

95 qw the Shield-Bearer (level 4, -1/35 HPs)
             Began as a Ghoul Fire Elementalist on Aug 30, 2022.
             Slain by an orc priest
             ... wielding a +0 flail
              (9 damage)
             ... on level 4 of the Dungeon.
             The game lasted 00:03:15 (3651 turns).

qw the Shield-Bearer (Ghoul Fire Elementalist)      Turns: 3651, Time: 00:03:15

Health: -1/35      AC:  6    Str: 13    XL:     4   Next: 66%
Magic:  14/14      EV:  5    Int: 10    God:
Gold:   42         SH: 12    Dex: 12    Spells: 5/6 levels left

rFire   . . .      SeeInvis .     - Unarmed
rCold   + . .      Faith    .   k - +0 tower shield
rNeg    + + +      Spirit   .   l - +0 scale mail
rPois   inf        Reflect  .   (no helmet)
rElec   .          Harm     .   (no cloak)
rCorr   .          Rampage  .   (no gloves)
Will    +....                   (no boots)
Stlth   +.........              (no amulet)
HPRegen 0.00/turn               a - ring of the Amoeba {rN+ MP+9 Dex+3}
MPRegen 0.14/turn               h - ring of willpower

@: inhibited regen
A: claws 1, cold resistance 1, negative energy resistance 3, inhibited
regeneration, torment resistance 2, devour on kill
a: no special abilities


You were on level 4 of the Dungeon.
You visited 1 branch of the dungeon, and saw 4 of its levels.

You collected 128 gold pieces.
You spent 86 gold pieces at shops.


Innate Abilities, Weirdness & Mutations

You are immune to poison.
You have sharp fingernails.
Your flesh is cold resistant. (rC+)
You are immune to negative energy. (rN+++)
You do not regenerate when monsters are visible.
You are immune to unholy pain and torment.
You thrive by killing the living.


   Skills:
 - Level 1.0 Fighting
 - Level 1.7 Dodging
 - Level 2.1 Stealth
 + Level 2.8 Shields
 - Level 2.2 Unarmed Combat
 - Level 1.7 Spellcasting
 - Level 0.7 Conjurations
 - Level 2.4 Fire Magic


You had 5 spell levels left.
You knew the following spells:

 Your Spells              Type           Power      Damage    Failure   Level
a - Foxfire               Conj/Fire      16%        2x1d4     100%        1

Your spell library contained the following spells:

 Spells                   Type           Power      Damage    Failure   Level
 Scorch                   Fire           10%        2d6       100%        2
 Conjure Flame            Conj/Fire      4%         6-21      100%        3
 Inner Flame              Hex/Fire       3%         N/A       100%        3
 Flame Wave               Conj/Fire      4%         2d5       100%        4

Inventory:

Armour
 k - a +0 tower shield (worn)
 l - a +0 scale mail (worn)
Jewellery
 a - the ring of the Amoeba (left claw) {rN+ MP+9 Dex+3}
   (You acquired it on level 1 of the Dungeon)

   [ring of magical power]

   Dex:       It affects your dexterity (+3).
   rN:        It protects you from negative energy.
   MP:        It affects your magic capacity (+9).
 h - a ring of willpower (right claw)
 j - a ring of fire
Scrolls
 f - 2 scrolls of identify
Potions
 b - 2 potions of curing
 d - a potion of might
 e - a potion of ambrosia {unknown}
 g - a potion of attraction {unknown}
 m - a potion of mutation {unknown}

Dungeon Overview and Level Annotations

Branches:
Dungeon (4/15)
 Temple: D:4-7

Altars:

Shops:
D:2 =   D:3 **[[!

Annotations:
D:3 3 runed translucent doors, qw's ghost, weakling TeWr


Message History

You scratch the dart slug.
You kill the dart slug!
You start resting.
HP restored.
You see here a hobgoblin corpse.
An orc priest is nearby!
Enter note:
3639 ||| Stepping ~*~*~tactically~*~*~ (stealth).
3640 ||| Stepping ~*~*~tactically~*~*~ (stealth).
3642 ||| Stepping ~*~*~tactically~*~*~ (hiding).
You start waiting.
An orc priest is nearby!
You scratch the orc priest.
The orc priest is lightly wounded.
The orc priest hits you with a +0 flail.
You scratch the orc priest.
The orc priest is moderately wounded.
The orc priest hits you with a +0 flail.
You scratch the orc priest.
The orc priest is severely wounded.
You scratch the orc priest.
The orc priest is almost dead.
You block the orc priest's attack. The orc hits you but does no damage.
The orc priest barely misses you.
You scratch the orc priest but do no damage.
The orc priest is almost dead.
You block the orc's attack. You block the orc priest's attack.
You scratch the orc priest but do no damage.
The orc priest is almost dead.
The orc hits you but does no damage.
The orc priest hits you but does no damage.
You block the orc's attack.
The orc priest calls down the wrath of Beogh upon you.
Beogh smites you!
The orc priest invokes the aid of Beogh against you.
Beogh smites you!
3651 ||| Stepping ~*~*~tactically~*~*~ (outnumbered).
The orc priest attacks as you move away!
The orc priest hits you with a +0 flail!
You die...

#######.#.# #.# .### #.##.##.###
### ## #########'##..#.#
...........)#...#################
........)...##...#.#.#.#.#.#.#.#.
............##..#.#.#.#.#.#.#.#.#
....o.......##...###.###.###.###.
....oogo....##.o#.#.#.#.#.#.#.#.#
............##.o@#.#.#.#.#%#.#.#.
............##.o#################
............'.).#
............###.##############
.#.##.#..##.###.#.#...#.#..#.####
#.. .. ... ##...........#........
#.#.#...#.###......##
#.#...>..........#.##
#.#####.#.###.##.#.##


You could see 2 orc priests and an orc.

Vanquished Creatures
  2 adders (D:2)
  2 worms
  A dart slug (D:4)
  5 orcs
  10 ball pythons
  6 bats
  6 endoplasms
  2 giant cockroaches (D:3)
  3 hobgoblins
  3 jackals (D:3)
  A quokka (D:3)
  7 frilled lizards
  A goblin (D:4)
  8 kobolds
  5 rats
62 creatures vanquished.

Notes
Turn   | Place    | Note
-------+----------+-------------------------------------------
     0 | D:1      | qw the Ghoul Fire Elementalist began the quest for the Orb.
     0 | D:1      | Reached XP level 1. HP: 14/14 MP: 2/2
     0 | D:1      | 0 ||| qw: Version: 0.1-a-90-g952f4b7
     0 | D:1      | 0 ||| qw: Game counter: 4302
     0 | D:1      | 0 ||| qw: Always use a shield: true
     0 | D:1      | 0 ||| qw: God list: Okawaru
     0 | D:1      | 0 ||| qw: Allow faded altars: false
     0 | D:1      | 0 ||| qw: Do Orc after D:15 true
     0 | D:1      | 0 ||| qw: Do second Lair branch before Depths: true
     0 | D:1      | 0 ||| qw: Lair rune preference: random
     0 | D:1      | 0 ||| qw: Plans: Normal
     0 | D:1      | 0 ||| PLANNING D:1-11
   186 | D:1      | Found a faded altar of an unknown god.
   201 | D:1      | Reached skill level 1 in Unarmed Combat
   313 | D:1      | 313 ||| Stepping ~*~*~tactically~*~*~ (stealth).
   314 | D:1      | 314 ||| Stepping ~*~*~tactically~*~*~ (stealth).
   320 | D:1      | 320 ||| Stepping ~*~*~tactically~*~*~ (stealth).
   323 | D:1      | 323 ||| Stepping ~*~*~tactically~*~*~ (stealth).
   326 | D:1      | 326 ||| Stepping ~*~*~tactically~*~*~ (stealth).
   331 | D:1      | Reached XP level 2. HP: 19/22 MP: 3/3
   363 | D:1      | 363 ||| Stepping ~*~*~tactically~*~*~ (stealth).
   381 | D:1      | Reached skill level 1 in Fighting
   406 | D:1      | 406 ||| Stepping ~*~*~tactically~*~*~ (stealth).
   413 | D:1      | 413 ||| Stepping ~*~*~tactically~*~*~ (outnumbered).
   414 | D:1      | 414 ||| Stepping ~*~*~tactically~*~*~ (outnumbered).
   678 | D:1      | 678 ||| Stepping ~*~*~tactically~*~*~ (stealth).
   687 | D:1      | 687 ||| Stepping ~*~*~tactically~*~*~ (stealth).
   703 | D:1      | 703 ||| Stepping ~*~*~tactically~*~*~ (stealth).
   713 | D:1      | 713 ||| Stepping ~*~*~tactically~*~*~ (outnumbered).
   714 | D:1      | 714 ||| Stepping ~*~*~tactically~*~*~ (outnumbered).
   715 | D:1      | 715 ||| Stepping ~*~*~tactically~*~*~ (outnumbered).
   781 | D:1      | 781 ||| Stepping ~*~*~tactically~*~*~ (stealth).
  1023 | D:1      | 1023 ||| UPGRADING to +0 leather armour.
  1033 | D:1      | 1033 ||| DROPPING +0 robe.
  1034 | D:1      | 1034 ||| UPGRADING to +0 ring mail.
  1044 | D:1      | 1044 ||| DROPPING +0 leather armour.
  1045 | D:1      | 1045 ||| UPGRADING to +0 tower shield.
  1050 | D:1      | 1050 ||| READING 2 scrolls labelled AHOKHU NUP DIE.
  1051 | D:1      | 1051 ||| READING scroll labelled MOLEW FUDUUWK.
  1052 | D:1      | 1052 ||| READING scroll labelled UGYPSO HIZE.
  1057 | D:1      | 1057 ||| READING scroll labelled IGAXUOMUBY.
  1057 | D:1      | Identified a scroll of acquirement
  1057 | D:1      | 1057 ||| ACQUIRING ring of the Amoeba {rN+ MP+9 Dex+3}
  1057 | D:1      | Acquired the ring of the Amoeba {rN+ MP+9 Dex+3}
  1059 | D:1      | 1059 ||| UPGRADING to ring of the Amoeba {rN+ MP+9 Dex+3}.
  1129 | D:1      | 1129 ||| READING scroll labelled EWKEXI FACEVO.
  1130 | D:1      | 1130 ||| READING scroll labelled TAUMO DI RAER.
  1131 | D:1      | 1131 ||| READING scroll labelled JASKAAVAFUPP.
  1132 | D:1      | 1132 ||| DROPPING potion of magic.
  1173 | D:2      | 1173 ||| Stepping ~*~*~tactically~*~*~ (outnumbered).
  1177 | D:2      | 1177 ||| Stepping ~*~*~tactically~*~*~ (outnumbered).
  1182 | D:2      | Reached XP level 3. HP: 21/28 MP: 4/4
  1311 | D:2      | Reached skill level 1 in Shields
  1329 | D:2      | 1329 ||| Stepping ~*~*~tactically~*~*~ (stealth).
  1397 | D:2      | HP: 7/28 [worm (7)]
  2003 | D:2      | Found Becaetra's Jewellery Boutique.
  2016 | D:2      | Reached XP level 4. HP: 32/35 MP: 5/5
  2023 | D:2      | 2023 ||| SHOPLISTING +6 ring of strength (504 gold, have
                  | 53).
  2023 | D:2      | 2023 ||| SHOPLISTING amulet of reflection (420 gold, have
                  | 53).
  2023 | D:2      | 2023 ||| SHOPLISTING ring of protection from cold (350
                  | gold, have 53).
  2023 | D:2      | 2023 ||| SHOPLISTING ring of see invisible (210 gold, have
                  | 53).
  2023 | D:2      | 2023 ||| SHOPLISTING ring of willpower (350 gold, have 53).
  2024 | D:2      | 2024 ||| READING scroll labelled WIKHLORH NEXTO.
  2025 | D:2      | 2025 ||| READING scroll labelled YNIMEH VIHEODD.
  2026 | D:2      | 2026 ||| READING scroll labelled WUTRUX LESTE.
  2027 | D:2      | 2027 ||| READING 2 scrolls labelled POITURH IMMIGE.
  2028 | D:2      | 2028 ||| READING 2 scrolls of identify.
  2028 | D:2      | 2028 ||| IDENTIFYING fizzy clear potion
  2029 | D:2      | 2029 ||| DROPPING potion of berserk rage.
  2030 | D:2      | 2030 ||| DROPPING scroll of immolation.
  2059 | D:3      | 2059 ||| STAIRDANCE
  2076 | D:3      | Found Sokeu's Assorted Antiques.
  2086 | D:3      | 2086 ||| BUYING scroll of identify (50 gold).
  2086 | D:3      | Bought a scroll of identify for 50 gold pieces
  2086 | D:3      | 2086 ||| SHOPLISTING scroll of identify (50 gold, have 3).
  2328 | D:3      | Found Gilyrof's Antique Armour Shop.
  2341 | D:3      | Found Muoruir's General Store.
  2349 | D:3      | 2349 ||| SHOPLISTING +4 skin of Zhor {*Englaciate rC+++
                  | SInv} (1729 gold, have 3).
  2349 | D:3      | 2349 ||| SHOPLISTING chain mail (117 gold, have 3).
  2349 | D:3      | 2349 ||| SHOPLISTING embroidered cloak (195 gold, have 3).
  2349 | D:3      | 2349 ||| SHOPLISTING pair of runed boots (195 gold, have
                  | 3).
  2349 | D:3      | 2349 ||| SHOPLISTING runed helmet (195 gold, have 3).
  2349 | D:3      | 2349 ||| SHOPLISTING runed scale mail (182 gold, have 3).
  2349 | D:3      | 2349 ||| SHOPLISTING twisted robe (148 gold, have 3).
  2353 | D:3      | 2353 ||| SHOPLISTING +2 ring mail of fire resistance (231
                  | gold, have 3).
  2401 | D:3      | Found Mywnimuf's Antique Armour Shop.
  2414 | D:3      | 2414 ||| SHOPLISTING +3 hat of Pondering {ponderous, Will+
                  | MP+10 Int+5} (1143 gold, have 3).
  2414 | D:3      | 2414 ||| SHOPLISTING chain mail (135 gold, have 3).
  2414 | D:3      | 2414 ||| SHOPLISTING heavily runed helmet (285 gold, have
                  | 3).
  2414 | D:3      | 2414 ||| SHOPLISTING helmet (135 gold, have 3).
  2414 | D:3      | 2414 ||| SHOPLISTING runed scale mail (210 gold, have 3).
  2440 | D:3      | Found a runed translucent gate.
  2441 | D:3      | Found a runed translucent gate.
  2442 | D:3      | Found a runed translucent gate.
  2442 | D:3      | Noticed qw's ghost (weakling TeWr)
  2615 | D:3      | 2615 ||| Stepping ~*~*~tactically~*~*~ (stealth).
  2728 | D:3      | Found Idatoq's Distillery.
  2738 | D:3      | 2738 ||| BUYING potion of curing (36 gold).
  2738 | D:3      | Bought a potion of curing for 36 gold pieces
  2738 | D:3      | 2738 ||| SHOPLISTING potion of haste (120 gold, have 27).
  2738 | D:3      | 2738 ||| SHOPLISTING potion of resistance (120 gold, have
                  | 27).
  2842 | D:3      | 2842 ||| Stepping ~*~*~tactically~*~*~ (outnumbered).
  2844 | D:3      | 2844 ||| Stepping ~*~*~tactically~*~*~ (outnumbered).
  2846 | D:3      | 2846 ||| Stepping ~*~*~tactically~*~*~ (outnumbered).
  2847 | D:3      | 2847 ||| Stepping ~*~*~tactically~*~*~ (outnumbered).
  2848 | D:3      | 2848 ||| Stepping ~*~*~tactically~*~*~ (outnumbered).
  2849 | D:3      | 2849 ||| Stepping ~*~*~tactically~*~*~ (outnumbered).
  2850 | D:3      | 2850 ||| Stepping ~*~*~tactically~*~*~ (outnumbered).
  3069 | D:3      | 3069 ||| UPGRADING to +0 scale mail.
  3079 | D:3      | 3079 ||| DROPPING +0 ring mail.
  3080 | D:3      | 3080 ||| UPGRADING to ring of willpower.
  3081 | D:3      | 3081 ||| READING scroll labelled IMEJAJ BIANGI.
  3082 | D:3      | 3082 ||| READING 3 scrolls of identify.
  3082 | D:3      | 3082 ||| IDENTIFYING green potion
  3083 | D:3      | 3083 ||| READING 2 scrolls of identify.
  3083 | D:3      | 3083 ||| IDENTIFYING viscous coppery potion
  3321 | D:4      | 3321 ||| Stepping ~*~*~tactically~*~*~ (stealth).
  3346 | D:4      | HP: 5/35 [orc priest/divine providence (14)]
  3347 | D:4      | 3347 ||| READING scroll of teleportation.
  3348 | D:4      | 3348 ||| DRINKING potion of heal wounds.
  3349 | D:4      | 3349 ||| Stepping ~*~*~tactically~*~*~ (outnumbered).
  3639 | D:4      | 3639 ||| Stepping ~*~*~tactically~*~*~ (stealth).
  3640 | D:4      | 3640 ||| Stepping ~*~*~tactically~*~*~ (stealth).
  3642 | D:4      | 3642 ||| Stepping ~*~*~tactically~*~*~ (hiding).
  3650 | D:4      | HP: 8/35 [orc priest/divine providence (11)]
  3651 | D:4      | 3651 ||| Stepping ~*~*~tactically~*~*~ (outnumbered).
  3651 | D:4      | Slain by an orc priest

Levels and vault maps discovered:
D:1:      mrwooster_arrival_arrow, layout_rooms,
          shapermc_ecumenical_altar_totnotflames
D:2:      layout_rooms, serial_shops, nicolae_shop_crystal
D:3:      layout_rooms, serial_shops, shop, shop, nicolae_shop_window_shopping,
          nicolae_lakefront_shop, shop, gammafunk_ghost_split
D:4:      layout_basic, tgw_kikubaaqudgha, roderic_roman_lattice, minivault_26,
          dreamdust_mushroom_princess, uniq_crazy_yiuf_cottage

Skill      XL: |  1  2  3 |
---------------+----------+-----
Unarmed Combat | 1 2 |  2.2
Fighting       | 1 |  1.0
Shields        | 2 |  2.8
Dodging        | |  1.7
Stealth        | |  2.1
Spellcasting   | |  1.7
Conjurations   | |  0.7
Fire Magic     | |  2.4

Action                   |  1- 3 |  4- 6 || total
-------------------------+-------+-------++-------
Melee: Unarmed           |   147 |   120 ||   267
       Punch             |     1 |       ||     1
  Use: Scroll            |     7 |     9 ||    16
       Potion            |       |     1 ||     1
Armor: Robe              |    18 |       ||    18
       Ring mail         |    23 |    35 ||    58
       Scale mail        |       |     5 ||     5
Dodge: Dodged            |    62 |    30 ||    92
Block: Tower shield      |    39 |    80 ||   119

Table legend:
 A = Non-vault XP
 B = Vault XP
 C = Vault XP percentage of total XP
 D = Non-vault monster count
 E = Vault monster count
 F = Vault count percentage of total count
                 A         B        C        D         E       F
            +---------+---------+-------+---------+---------+-------
      Total |     137 |       0 |   0.0 |      62 |       0 |   0.0
            +---------+---------+-------+---------+---------+-------
        D:1 |      29 |       0 |   0.0 |      19 |       0 |   0.0
        D:2 |      56 |       0 |   0.0 |      18 |       0 |   0.0
        D:3 |      42 |       0 |   0.0 |      21 |       0 |   0.0
        D:4 |      10 |       0 |   0.0 |       4 |       0 |   0.0
            +---------+---------+-------+---------+---------+-------
